 Dungeon Crawl Stone Soup version 0.22-a0-412-g2b68d14 (webtiles) character file.

137 grindst0ne the Skirmisher (level 5, 0/43 HPs)
             Began as a Human Artificer on May 12, 2018.
             Succumbed to an adder's poison
             ... on level 2 of the Dungeon.
             The game lasted 00:03:15 (2225 turns).

grindst0ne the Skirmisher (Human Artificer)         Turns: 2225, Time: 00:03:16

Health: 0/43       AC:  6    Str: 14    XL:     5   Next: 44%
Magic:  7/7        EV: 10    Int: 11    God:
Gold:   189        SH:  4    Dex: 13    Spells: 4/4 levels left

rFire    . . .     SeeInvis .   a - +0 short sword
rCold    . . .     Gourm    .   q - +0 buckler
rNeg     . . .     Faith    .   g - +0 ring mail
rPois    .         Spirit   .   (no helmet)
rElec    .         Reflect  .   (no cloak)
rCorr    .         Harm     .   n - +0 pair of gloves
MR       +....                  (no boots)
Stlth    +.........             (no amulet)
HPRegen  0.14/turn              m - ring of protection from magic
MPRegen  0.10/turn              (no ring)

@: lethally poisoned (0 -> -1)
A: no striking features
a: no special abilities


You were on level 2 of the Dungeon.
You were not hungry.

You visited 1 branch of the dungeon, and saw 2 of its levels.

You collected 189 gold pieces.

Inventory:

Hand Weapons
 a - a +0 short sword (weapon)
Missiles
 l - 2 tomahawks of dispersal (quivered)
Armour
 b - a +0 leather armour
 g - a +0 ring mail (worn)
 n - a +0 pair of gloves (worn)
 q - a +0 buckler (worn)
Jewellery
 m - a ring of protection from magic (left hand)
Wands
 c - a wand of flame (15)
 d - a wand of enslavement (15)
 e - a wand of random effects (15)
Scrolls
 h - 2 scrolls of amnesia {unknown}
 o - 3 scrolls of random uselessness {unknown}
 r - a scroll of teleportation {unknown}
Potions
 i - a potion of heal wounds {unknown}
 j - a potion of agility {unknown}
 p - a potion of invisibility {unknown}
Comestibles
 f - 5 rations
 k - 4 chunks of flesh


   Skills:
 + Level 4.4 Fighting
 - Level 1.0 Short Blades
 - Level 2.0 Dodging
 - Level 1.0 Stealth
 + Level 1.7 Shields
 - Level 3.0 Evocations


You had 4 spell levels left.
You didn't know any spells.
Your spell library was empty.

Dungeon Overview and Level Annotations

Branches:
Dungeon (2/15)

Altars:


Message History

A worm is nearby!
The worm bites you!
You barely miss the worm. The worm closely misses you.
You barely miss the worm. You hit the worm but do no damage.
You feel sick. The worm barely misses you.
You hit the worm but do no damage. You hit the worm but do no damage.
The worm barely misses you.
You hit the worm but do no damage.
You feel sick. The worm bites you.
Your shield prevents you from hitting the worm.
You hit the worm.
The worm is moderately wounded.
The worm bites you!
* * * LOW HITPOINT WARNING * * *
You hit the worm.
The worm is moderately wounded.
The worm bites you.
* * * LOW HITPOINT WARNING * * *
You hit the worm but do no damage.
The worm is lightly wounded.
You die...

#.#.#.......
#..#.#.#.......
#..#.#.#.......
#......#.......
#.##<#.....#...
#.##.#........
####....#.>..#...
#............#...
#@#..............
#......w#.######...#...
###.....#.# ...#...
......#.#รท# ...# ..
#######.#.# ...# #.#.#
...# #.#.# .# #.#.# #.#


You could see a worm.

Vanquished Creatures
  Jessica (D:2)
  3 adders (D:2)
  3 oozes
  A worm (D:2)
  5 dart slugs
  2 leopard geckos (D:2)
  6 bats
  2 giant cockroaches
  7 goblins
  4 hobgoblins
  10 jackals
  2 frilled lizards (D:2)
  4 kobolds (D:1)
  7 rats
57 creatures vanquished.

Notes
Turn   | Place    | Note
-------+----------+-------------------------------------------
     0 | D:1      | grindst0ne the Human Artificer began the quest for the Orb.
     0 | D:1      | Reached XP level 1. HP: 15/15 MP: 3/3
    39 | D:1      | Reached XP level 2. HP: 21/22 MP: 4/4
    46 | D:1      | Reached skill level 2 in Fighting
   386 | D:1      | Reached XP level 3. HP: 14/28 MP: 5/5
   666 | D:1      | Reached skill level 3 in Fighting
  1298 | D:2      | Reached XP level 4. HP: 35/35 MP: 6/6
  1568 | D:2      | Noticed Jessica
  1587 | D:2      | Killed Jessica
  1587 | D:2      | Reached skill level 4 in Fighting
  1713 | D:2      | Reached skill level 1 in Shields
  1713 | D:2      | Reached XP level 5. HP: 18/42 MP: 7/7
  2224 | D:2      | HP: 1/43 [worm (6)]
  2225 | D:2      | Succumbed to an adder's poison

Vault maps used:
D:1:      lemuel_arrival_room, minmay_split_cup_small
D:2:      chequers_ecumenical_altar_simple, first_ration,
          hangedman_decor_clover_reticule, uniq_sigmund, uniq_jessica

Skill      XL: |  1  2  3  4 |
---------------+-------------+-----
Fighting       | 2 3 4 |  4.4
Shields        | 1 |  1.7
Short Blades   | |  1.0
Dodging        | |  2.0
Stealth        | |  1.0
Evocations     | |  3.0

Action                   |  1- 3 |  4- 6 || total
-------------------------+-------+-------++-------
Melee: Short sword       |   126 |   149 ||   275
 Stab: Sleeping          |     1 |       ||     1
  Eat: Chunk             |     1 |     4 ||     5
Armor: Leather armour    |    36 |       ||    36
       Ring mail         |    22 |    65 ||    87
Dodge: Dodged            |   102 |    75 ||   177
Block: Buckler           |       |    16 ||    16

Table legend:
 A = Spawn XP
 B = Non-spawn XP
 C = Spawn XP percentage of total XP
 D = Spawn monster count
 E = Non-spawn monster count
 F = Spawn count percentage of total count
 G = Total turns spent on level
                    A         B        C        D         E        F      G
               +---------+---------+-------+---------+---------+-------+---------
         Total |       0 |     197 |   0.0 |       0 |      57 |   0.0 |  2225
               +---------+---------+-------+---------+---------+-------+---------
           D:1 |       0 |      68 |   0.0 |       0 |      31 |   0.0 |  1291
           D:2 |       0 |     129 |   0.0 |       0 |      26 |   0.0 |   934
               +---------+---------+-------+---------+---------+-------+---------
